 Dungeon Crawl Stone Soup version 0.17-a0-2122-g03d97ec (webtiles) character file.

107 hellewite the Skirmisher (level 4, -1/49 HPs)
             Began as an Ogre Berserker on Oct 22, 2015.
             Was a Believer of Trog.
             Slain by an orc
             ... wielding a +0 hand axe of draining
              (5 damage)
             ... on level 3 of the Dungeon.
             The game lasted 00:15:43 (1535 turns).

hellewite the Skirmisher (Ogre Berserker)           Turns: 1535, Time: 00:15:43

Health: -1/49      AC:  6    Str: 23    XL:     4   Next: 85%
Magic:  4/4        EV:  7    Int:  6    God:    Trog [**....]
Gold:   68         SH:  8    Dex:  9    Spells: 0 memorised, 3 levels left

rFire  . . .     SeeInvis .     a - +0 falchion
rCold  . . .     Clarity  .     b - +0 animal skin
rNeg   + . .     SustAt   .     i - +1 shield {AC+3}
rPois  .         Gourm    .     (helmet restricted)
rElec  .         Spirit   .     (no cloak)
rCorr  .         Warding  .     (gloves unavailable)
rMut   .         Stasis   .     (boots unavailable)
MR     .....                    (no amulet)
Stlth  +.........               (no ring)
                                m - ring of positive energy

@: drained, not resistant to hostile enchantments, very unstealthy
A: unfitting armour, tough skin 1
a: Berserk, Trog's Hand, Burn Spellbooks, Renounce Religion


You were on level 3 of the Dungeon.
You worshipped Trog.
Trog was pleased with you.
You were not hungry.

You visited 1 branch of the dungeon, and saw 3 of its levels.

You collected 68 gold pieces.

Inventory:

Hand Weapons
 a - a +0 falchion (weapon)
Missiles
 s - 19 arrows
Armour
 b - a +0 animal skin (worn)
 f - a +0 robe
 i - a +1 shield of protection (worn)
 k - a cursed +0 robe
 o - a +0 ring mail
 q - a +0 pair of gloves
Jewellery
 m - a ring of positive energy (left hand)
Scrolls
 h - 2 scrolls of enchant weapon {unknown}
 l - a scroll of recharging {unknown}
 n - 5 scrolls of identify {unknown}
 t - 2 scrolls of remove curse {unknown}
Potions
 d - a potion of cure mutation {unknown}
 e - a potion of curing {unknown}
 j - a potion of heal wounds {unknown}
 u - a potion of lignification {unknown}
Books
 r - a book of Dreams

   Spells                             Type                      Level
   a - Ensorcelled Hibernation        Hexes/Ice                    2
   b - Phase Shift                    Translocation                5
   c - Shadow Creatures               Summoning                    5
   d - Silence                        Hexes/Air                    5
   e - Darkness                       Hexes                        6
   f - Mass Confusion                 Hexes                        6
   Trog disapproves of the use of such an item.
Comestibles
 c - 2 bread rations
 g - 3 meat rations


   Skills:
 + Level 4.9(4.2) Fighting
 + Level 2.7(2.0) Long Blades
 + Level 3.4(2.7) Dodging
 + Level 0.1(0.0) Stealth
 + Level 1.3(0.6) Shields


You had 3 spell levels left.
You didn't know any spells.

Dungeon Overview and Level Annotations

Branches:
Dungeon (3/15)

Altars:


Innate Abilities, Weirdness & Mutations

You are too large for most types of armour.
You have tough skin (AC +1).


Message History

* * * LOW HITPOINT WARNING * * *
You block the hobgoblin's attack. The orc hits you but does no damage.
You partially resist.
You feel drained. The hobgoblin hits you with a club.
* * * LOW HITPOINT WARNING * * *
The orc wizard shouts!
You hear a shout!
An orc comes into view. It is wielding a whip.
You barely miss the hobgoblin.
The hobgoblin hits you but does no damage.
You block the goblin's attack. The hobgoblin completely misses you.
You block the orc's attack. The hobgoblin closely misses you.
An orc comes into view. It is wielding a mace.
You barely miss the hobgoblin. You block the goblin's attack.
The orc wizard casts a spell.
The orc wizard flickers and vanishes!
Deactivating autopickup; reactivate with Ctrl-A.
The hobgoblin hits you with a club.
* * * LOW HITPOINT WARNING * * *
The hobgoblin hits you but does no damage.
The orc hits you with a hand axe of draining.
You die...

.{# o.# #o.# .#
#.### #..# #$.
#.[.. #..# #go#
#...# ##oo#..g.$
#. # ##ggo#.8..
#.@go..(.(
#.go.#..## #
#[((.# ### .##.
#####...###8####
.#.. ..#
#...##.....###.#..
#.#
#..............#..
#.#
#....##.#.#...#...
#.#
#...###.#.........
..######.###...#
#.###..##<..


You could see 2 orc priests, 5 orcs, 3 hobgoblins and a goblin.

Vanquished Creatures
  A worker ant zombie (D:2)
  3 adders
  2 oozes
  An adder zombie (D:2)
  An adder skeleton (D:2)
  2 giant geckos
  An orc (D:3)
  A bat skeleton (D:2)
  3 giant cockroaches
  5 goblins
  9 hobgoblins
  7 bats
  A giant newt (D:1)
  8 kobolds
  4 rats
  2 plants (D:1)
51 creatures vanquished.

Notes
Turn   | Place    | Note
--------------------------------------------------------------
     0 | D:1      | hellewite the Ogre Berserker began the quest for the Orb.
     0 | D:1      | Reached XP level 1. HP: 24/24 MP: 1/1
   228 | D:1      | Reached XP level 2. HP: 30/32 MP: 2/2
   766 | D:2      | Reached XP level 3. HP: 40/40 MP: 3/3
   786 | D:2      | Reached ** piety under Trog
   975 | D:2      | Reached XP level 4. HP: 47/49 MP: 4/4
  1197 | D:2      | Reached skill level 1 in Shields
  1535 | D:3      | Slain by an orc

Vault maps used:
D:1:      lightli_arrival_windingriver, serial_bayou_pond_c,
          minmay_close_crescents
D:2:      serial_undead, serial_undead_d, serial_undead_a, serial_undead_a,
          serial_undead_e, first_bread
D:3:      guppyfry_early_orc_mine

Action                   |  1- 3 |  4- 6 || total
-------------------------+-------+-------++-------
Melee: Falchion          |   176 |    82 ||   258
  Eat: Beef jerky        |     1 |       ||     1
       Chunk             |       |     1 ||     1
